 Dungeon Crawl Stone Soup version 0.16-a0-3458-g6d2551d (webtiles) character file.

157 NewYearsCrawler the Shield-Bearer (level 5, 0/41 HPs)
             Began as a Formicid Fighter on Jan 2, 2015.
             Succumbed to an adder's poison
             ... on level 3 of the Dungeon.
             The game lasted 00:02:04 (1152 turns).

NewYearsCrawler the Shield-Bearer (FoFi)            Turns: 1152, Time: 00:02:04

Health: 0/41       AC:  6    Str: 22    XL:     5   Next: 66%
Magic:  7/7        EV:  8    Int:  7    God:
Gold:   46         SH: 10    Dex: 14    Spells: 0 memorised, 4 levels left

rFire  . . .     SeeInvis +     a - +0 war axe
rCold  . . .     Clarity  .     b - +0 scale mail
rNeg   . . .     SustAb   .     c - +0 shield
rPois  .         Gourm    .     (helmet unavailable)
rElec  .         Spirit   .     (no cloak)
rCorr  .         Warding  .     (no gloves)
rMut   .         Stasis   +     (no boots)
MR     .....                    h - amulet of regeneration
Stlth  ..........               (no ring)
                                r - +4 ring of dexterity

@: lethally poisoned, not resistant to hostile enchantments, extremely
unstealthy
A: permanent stasis, dig shafts and tunnels, four strong arms, antennae 3
a: Dig, Shaft Self


You were on level 3 of the Dungeon.
You were hungry.

You visited 1 branch of the dungeon, and saw 4 of its levels.

You collected 46 gold pieces.

Inventory:

Hand weapons
 a - a +0 war axe (weapon)
Armour
 b - a +0 scale mail (worn)
 c - a +0 shield (worn)
Jewellery
 h - an amulet of regeneration (around neck)
 p - an uncursed ring of fire
 r - a +4 ring of dexterity (left hand)
Scrolls
 f - 2 scrolls of magic mapping {unknown}
 g - 2 scrolls of identify {unknown}
 i - a scroll of noise {unknown}
 k - 2 scrolls of recharging {unknown}
 n - a scroll of enchant weapon {unknown}
 o - a scroll of immolation {unknown}
 q - a scroll of enchant armour {unknown}
Potions
 e - a potion of might
Comestibles
 d - 2 bread rations
 t - a beef jerky
 u - a slice of pizza


   Skills:
 - Level 3.2 Fighting
 + Level 3.6 Axes
 - Level 3.2 Armour
 + Level 6.0 Shields


You had 4 spell levels left.
You didn't know any spells.

Dungeon Overview and Level Annotations

Branches:
Dungeon (4/15)
 Temple: D:4-7

Altars:


Innate Abilities, Weirdness & Mutations

You are under a permanent stasis effect.
You can dig through walls and to a lower floor.
Your four strong arms can wield two-handed weapons with a shield.
You have a pair of large antennae on your head (SInv).


Message History

You feel sick.
You see here an adder corpse.
Unknown command.
* * * LOW HITPOINT WARNING * * *
You feel sick.
Unknown command.
* * * LOW HITPOINT WARNING * * *
You feel sick.
Found a leather armour.
There isn't anything here!
There isn't anything here!
* * * LOW HITPOINT WARNING * * *
You feel sick.
* * * LOW HITPOINT WARNING * * *
You feel sick.
* * * LOW HITPOINT WARNING * * *
You feel sick.
* * * LOW HITPOINT WARNING * * *
You feel sick.
You die...

...........##.#.....
....................#
##...(.....###......#
##........# #......#
#....[...# ......#
#........# #....?#
###....)...# #.)...#
...........####.....#...#
..............†.@.......[
....(........))...#......
...(..............# ....
...#####...........# #+
......##.............
#.....##.............#
#.)...##..............
########.........$...
.........


There were no monsters in sight!

Vanquished Creatures
  A hound (D:4)
  2 orc wizards
  An adder (D:3)
  A worm (D:2)
  3 oozes (D:2)
  4 orcs
  9 bats
  4 giant cockroaches
  11 goblins
  7 hobgoblins
  4 jackals (D:2)
  5 kobolds
  5 rats (D:1)
57 creatures vanquished.

Notes
Turn   | Place    | Note
--------------------------------------------------------------
     0 | D:1      | NewYearsCrawler, the Formicid Fighter, began the quest for the Orb.
     0 | D:1      | Reached XP level 1. HP: 18/18 MP: 1/1
    44 | D:1      | Reached skill level 4 in Shields
    74 | D:1      | Reached XP level 2. HP: 24/24 MP: 3/3
   426 | D:1      | Reached XP level 3. HP: 29/29 MP: 4/4
   810 | D:2      | Reached skill level 5 in Shields
   901 | D:2      | Reached XP level 4. HP: 35/35 MP: 5/5
   940 | D:2      | You fall through a shaft for 2 floors!
  1001 | D:4      | Reached XP level 5. HP: 25/41 MP: 7/7
  1144 | D:3      | Reached skill level 6 in Shields
  1148 | D:3      | HP: 2/41 [poisoned by an adder]
  1152 | D:3      | Succumbed to an adder's poison

Action                   |  1- 3 |  4- 6 || total
-------------------------+-------+-------++-------
Melee: War axe           |   109 |    65 ||   174
  Use: Potion            |       |     4 ||     4
  Eat: Chunk             |       |     1 ||     1
